[Event "Titled Tuesday Blitz June 28 Early 2022"]
[White "Cherniaiev, Tykhon"]
[Black "So, Wesley"]
[WhiteFideId "14182360"]
[BlackFideId "5202213"]
[WhiteElo "2289"]
[BlackElo "2742"]
[Result "0-1"]
[Round "10"]
[TimeControl "180+1"]
[Date "2022.06.28"]
[WhiteClock "0:00:55"]
[BlackClock "0:00:01"]

1. Nf3 d5 2. d4 Nf6 3. c4 e6 4. g3 Bb4+ 5. Bd2 Be7 6. Bg2 Nbd7 7. Qc2 O-O 8. O-O c6 9. b3 b6 10. Nc3 Ba6 11. cxd5 cxd5 12. Qb2 Ne4 13. Nxe4 dxe4 14. Ne5 Nxe5 15. dxe5 Bxe2 16. Bxe4 Bxf1 17. Bxa8 Qxa8 18. Rxf1 Rd8 19. Be3 h5 20. Qc2 h4 21. Rd1 h3 22. Rxd8+ Bxd8 23. f4 Be7 24. Qe2 Qe4 25. Kf1 Qh1+ 26. Kf2 Qxh2+ 27. Ke1 Qxe2+ 28. Kxe2 h2 29. Kf3 h1=Q+ 30. Kg4 g6 31. Bd2 Qd1+ 32. Kh3 Qxd2 33. Kg4 Qxa2 34. Kh3 Qxb3 35. Kg4 a5 36. Kh3 a4 37. Kg4 a3 38. Kh3 a2 39. Kg4 a1=Q 40. Kh3 Qd3 41. Kg4 b5 42. Kh3 b4 43. f5 Qxf5+ 44. g4 Qe4 45. g5 b3 46. Kg3 b2 47. Kh3 b1=Q 48. Kg3 Qaxe5+ 49. Kh3 Q5f5+ 50. Kg3 Qxg5+ 51. Kh3 Qbh1# 0-1


[Site "https://www.chess.com"]

[Event "Titled Tuesday Blitz June 28 Early 2022"]
[White "Coto Mederos, Michel"]
[Black "Sarkar, Justin"]
[WhiteFideId "3508528"]
[BlackFideId "2010011"]
[WhiteElo "2427"]
[BlackElo "2020"]
[Result "1-0"]
[Round "10"]
[TimeControl "180+1"]
[Date "2022.06.28"]
[WhiteClock "0:01:12"]
[BlackClock "0:00:03"]

1. c4 a6 2. Nc3 e6 3. e4 c5 4. Nf3 Nc6 5. Be2 e5 6. O-O d6 7. d3 g6 8. Ne1 Bg7 9. Bg4 f5 10. exf5 gxf5 11. Bh5+ Kf8 12. f4 Nf6 13. fxe5 dxe5 14. Bg5 Qd4+ 15. Kh1 Nxh5 16. Qxh5 Be6 17. Nd5 Bxd5 18. Rxf5+ Kg8 19. cxd5 Qxd5 20. Nc2 h6 21. Ne3 Qe6 22. Rf6 1-0


[Site "https://www.chess.com"]

[Event "Titled Tuesday Blitz June 28 Early 2022"]
[White "Cruz, Cristhian"]
[Black "Martinez Alcantara, Jose Eduardo"]
[WhiteFideId "3801969"]
[BlackFideId "3805662"]
[WhiteElo "2497"]
[BlackElo "2703"]
[Result "0-1"]
[Round "10"]
[TimeControl "180+1"]
[Date "2022.06.28"]
[WhiteClock "0:00:05"]
[BlackClock "0:00:26"]

1. e4 c5 2. Nf3 d6 3. e5 dxe5 4. Nxe5 Nf6 5. Bb5+ Bd7 6. Nxd7 Nbxd7 7. O-O a6 8. Be2 g6 9. d4 Bg7 10. Bf3 Qc7 11. Re1 O-O 12. Rxe7 Rfe8 13. Rxe8+ Rxe8 14. Be3 cxd4 15. Bxd4 Ng4 16. Bxg4 Bxd4 17. c3 Ne5 18. cxd4 Nxg4 19. g3 Qb6 20. b3 Qc6 21. Nd2 Qc3 22. Nf3 Qb2 23. Qf1 Nxf2 24. Re1 Rxe1 25. Qxe1 Ng4 26. h3 Nf6 27. Qe5 Qb1+ 28. Kg2 Qxa2+ 29. Kg1 Qb1+ 30. Kg2 Kg7 31. g4 h6 32. d5 Qc2+ 33. Kg3 Qd3 34. d6 Qxd6 0-1


[Site "https://www.chess.com"]

[Event "Titled Tuesday Blitz June 28 Early 2022"]
[White "Csonka, Balazs"]
[Black "Aradhya, Garg"]
[WhiteFideId "742910"]
[BlackFideId "25006746"]
[WhiteElo "2404"]
[BlackElo "2203"]
[Result "1/2-1/2"]
[Round "10"]
[TimeControl "180+1"]
[Date "2022.06.28"]
[WhiteClock "0:00:09"]
[BlackClock "0:01:04"]

1. Nf3 d5 2. c4 d4 3. e3 c5 4. exd4 cxd4 5. b4 g6 6. c5 Bg7 7. Bc4 Nh6 8. O-O d3 9. Nc3 O-O 10. Re1 Nc6 11. Rb1 Bg4 12. Bd5 Bxc3 13. Bxc6 bxc6 14. dxc3 Bxf3 15. gxf3 Nf5 16. Re4 Qd7 17. Be3 a6 18. Bd4 a5 19. a3 axb4 20. axb4 f6 21. Qxd3 e5 22. Qc4+ Qd5 23. Be3 Rfd8 24. b5 Nxe3 25. fxe3 Qxc4 26. Rxc4 cxb5 27. Rxb5 Rd2 28. Rb1 Raa2 29. c6 Rg2+ 30. Kf1 Rxh2 31. Kg1 Rag2+ 32. Kf1 Rf2+ 33. Kg1 Rfg2+ 34. Kf1 Rf2+ 35. Kg1 Rhg2+ 36. Kh1 Rh2+ 37. Kg1 1/2-1/2


[Site "https://www.chess.com"]

[Event "Titled Tuesday Blitz June 28 Early 2022"]
[White "Daeschler, Florian"]
[Black "Carrasco Miranda, Andres"]
[WhiteFideId "20678193"]
[BlackFideId "3405990"]
[WhiteElo "2221"]
[BlackElo "2177"]
[Result "0-1"]
[Round "10"]
[TimeControl "180+1"]
[Date "2022.06.28"]
[WhiteClock "0:01:11"]
[BlackClock "0:01:25"]

1. e4 c5 2. Nc3 d6 3. d3 g6 4. Be3 Bg7 5. g3 Nc6 6. Bg2 Rb8 7. Qd2 b5 8. Nge2 Nd4 9. Nc1 e6 10. Nd1 b4 11. c3 bxc3 12. bxc3 Nc6 13. O-O Nge7 14. Bh6 O-O 15. Bxg7 Kxg7 16. Ne3 h5 17. f4 Qb6 18. Rf2 Ba6 19. g4 hxg4 20. Nxg4 Rh8 21. f5 exf5 22. exf5 Nxf5 23. Rxf5 gxf5 24. Qg5+ Kf8 25. Qf6 Rg8 26. Qxd6+ Ne7 27. Qxb6 Rxb6 28. Nf6 Rxf6 0-1


[Site "https://www.chess.com"]

[Event "Titled Tuesday Blitz June 28 Early 2022"]
[White "Dankhazi, Andras"]
[Black "Hollan, Petr"]
[WhiteFideId "714267"]
[BlackFideId "360945"]
[WhiteElo "2325"]
[BlackElo "2284"]
[Result "1-0"]
[Round "10"]
[TimeControl "180+1"]
[Date "2022.06.28"]
[WhiteClock "0:00:19"]
[BlackClock "0:00:20"]

1. d4 Nf6 2. Nf3 g6 3. e3 Bg7 4. Be2 O-O 5. O-O d5 6. b3 c5 7. Bb2 b6 8. dxc5 bxc5 9. c4 Bb7 10. cxd5 Bxd5 11. Qc1 Nbd7 12. Rd1 Qb6 13. Nc3 Bc6 14. Nd2 Rad8 15. Bf3 Ne5 16. Bxc6 Qxc6 17. Qc2 Nd3 18. Nc4 Nxb2 19. Nxb2 Ng4 20. h3 Nxf2 21. Qxf2 Bxc3 22. Rac1 Rxd1+ 23. Rxd1 Qe4 24. Nc4 a5 25. Rc1 Bf6 26. Nxa5 Ra8 27. Nc4 Bg5 28. Re1 Qd3 29. Qe2 Qc3 30. Rd1 e6 31. Kh2 Bf6 32. Qd2 Be5+ 33. Kg1 Qxd2 34. Rxd2 Bc3 35. Rc2 Bb4 36. Kf2 f5 37. Ke2 g5 38. e4 g4 39. hxg4 fxg4 40. Kf2 h5 41. Kg3 Kg7 42. Kf4 Kf6 43. Ne5 Rd8 44. Nc4 Rd1 45. a3 Bxa3 46. Nxa3 Rd3 47. e5+ Kg6 48. Rxc5 Rxb3 49. Nc4 Rc3 50. g3 Rf3+ 51. Ke4 Rxg3 52. Rc6 Rc3 53. Rxe6+ Kg5 54. Nd6 h4 55. Nf7+ Kh5 56. Rh6# 1-0


[Site "https://www.chess.com"]

[Event "Titled Tuesday Blitz June 28 Early 2022"]
[White "De La Colina, Nicolas"]
[Black "Large, Peter G"]
[WhiteFideId "30946921"]
[BlackFideId "400866"]
[WhiteElo "2046"]
[BlackElo "2064"]
[Result "1-0"]
[Round "10"]
[TimeControl "180+1"]
[Date "2022.06.28"]
[WhiteClock "0:00:31"]
[BlackClock "0:00:15"]

1. e4 e5 2. Nf3 Nc6 3. Bc4 g6 4. c3 d6 5. d4 Qe7 6. O-O Bg7 7. h3 Nf6 8. Re1 O-O 9. Nbd2 Bd7 10. Bb3 Rad8 11. Bc2 Bc8 12. Nf1 Rfe8 13. Ng3 h6 14. Be3 a6 15. Qd2 Kh7 16. a4 a5 17. d5 Nb8 18. b4 c6 19. Bb6 Rd7 20. dxc6 bxc6 21. Rad1 axb4 22. cxb4 d5 23. Bc5 Qd8 24. exd5 Nxd5 25. Qc1 Rb7 26. h4 Bg4 27. Qa3 Na6 28. h5 Nxc5 29. hxg6+ fxg6 30. bxc5 Qf6 31. Ne4 Qf4 32. Nd6 Rbe7 33. Nxe8 Rxe8 34. Re4 Qf6 35. Rxg4 Nf4 36. Re1 h5 37. Rg5 Bh6 38. Rgxe5 Rxe5 39. Nxe5 Qg5 40. Qg3 Qf6 41. Nxg6 Nxg6 42. Qxg6+ Qxg6 43. Bxg6+ Kxg6 44. Re6+ Kg7 45. Rxh6 Kxh6 46. a5 1-0


[Site "https://www.chess.com"]

[Event "Titled Tuesday Blitz June 28 Early 2022"]
[White "Deac, Bogdan-Daniel"]
[Black "Zhigalko, Sergei"]
[WhiteFideId "1226380"]
[BlackFideId "13502956"]
[WhiteElo "2648"]
[BlackElo "2662"]
[Result "0-1"]
[Round "10"]
[TimeControl "180+1"]
[Date "2022.06.28"]
[WhiteClock "0:00:03"]
[BlackClock "0:00:06"]

1. d4 Nf6 2. c4 e6 3. Nc3 Bb4 4. Qc2 O-O 5. e4 d5 6. e5 Ne4 7. Bd3 c5 8. Nf3 cxd4 9. Nxd4 Nd7 10. Bf4 Ndc5 11. O-O Bxc3 12. bxc3 Bd7 13. Be2 Na4 14. cxd5 exd5 15. f3 Nexc3 16. Bd3 h6 17. Qd2 Re8 18. Kh1 Rc8 19. Bc2 Qh4 20. Rae1 Rc4 21. Bb3 Rcc8 22. Bc2 a6 23. Bg3 Qh5 24. Qd3 g6 25. Qd2 b5 26. Re3 b4 27. Rfe1 Nc5 28. a3 a5 29. axb4 axb4 30. Kg1 Ne6 31. Nb3 Red8 32. f4 d4 33. Rf3 Bc6 34. f5 Ng5 35. Rf4 d3 36. Bxd3 Be4 37. Nc1 gxf5 38. Qe3 Nd5 39. Qf2 Nxf4 40. Bxf4 Bxd3 41. e6 Nxe6 42. Be3 Be4 43. Nb3 Rc2 0-1


[Site "https://www.chess.com"]

[Event "Titled Tuesday Blitz June 28 Early 2022"]
[White "Dixit, Arun"]
[Black "Kapitsyn, Mark"]
[WhiteFideId "30937671"]
[BlackFideId "4116240"]
[WhiteElo "2366"]
[BlackElo "2298"]
[Result "1-0"]
[Round "10"]
[TimeControl "180+1"]
[Date "2022.06.28"]
[WhiteClock "0:00:08"]
[BlackClock "0:00:01"]

1. d4 Nf6 2. c4 e6 3. Nc3 Bb4 4. e3 Bxc3+ 5. bxc3 c5 6. Nf3 d6 7. Bd3 Nc6 8. O-O h6 9. e4 e5 10. Re1 O-O 11. a4 Bg4 12. d5 Na5 13. h3 Bc8 14. Rb1 b6 15. g4 Nh7 16. Be3 Ba6 17. Qe2 Qf6 18. Kg2 Rfe8 19. h4 h5 20. gxh5 Bc8 21. Ng5 Qe7 22. Rg1 f6 23. Nxh7 Kxh7 24. Kf1 Bh3+ 25. Ke1 Qd7 26. h6 g6 27. Qf3 Rf8 28. Rg3 f5 29. h5 gxh5 30. Rxh3 f4 31. Bd2 Rg8 32. Kd1 Rg1+ 33. Ke2 Rxb1 34. Bxb1 Rg8 35. Qxh5 Nxc4 36. Qf5+ Qxf5 37. exf5 1-0


[Site "https://www.chess.com"]

[Event "Titled Tuesday Blitz June 28 Early 2022"]
[White "Dobre, Claudiu-Cristian"]
[Black "Jovic, Stanoje"]
[WhiteFideId "1211854"]
[BlackFideId "905020"]
[WhiteElo "2207"]
[BlackElo "2286"]
[Result "0-1"]
[Round "10"]
[TimeControl "180+1"]
[Date "2022.06.28"]
[WhiteClock "0:00:05"]
[BlackClock "0:01:15"]

1. c4 e5 2. Nc3 Nf6 3. Nf3 Nc6 4. e3 Bb4 5. Qc2 O-O 6. Nd5 Re8 7. Bd3 Bf8 8. Nxf6+ Qxf6 9. Bxh7+ Kh8 10. Be4 Nb4 11. Qb1 c6 12. a3 d5 13. cxd5 cxd5 14. axb4 dxe4 15. Qxe4 Bf5 16. Qh4+ Qxh4 17. Nxh4 Bd3 18. g4 Bxb4 19. f3 Rec8 20. Ng2 Rc2 21. Kd1 Rc6 22. Ne1 Bc4 23. Rg1 a5 24. Rg2 a4 25. d3 Bb3+ 26. Ke2 Rac8 27. Bd2 Bxd2 28. f4 Bxe1 29. Rxe1 exf4 30. exf4 Rc2+ 31. Kf1 Rxg2 32. Kxg2 Rc2+ 33. Kg3 Rxb2 34. f5 f6 35. h4 Kg8 36. g5 fxg5 37. hxg5 Kf7 38. Re4 Rc2 39. Rb4 Rc7 40. Kf4 Ke7 41. Rb6 Kd7 42. f6 gxf6 43. gxf6 Kc8 44. Kf5 Kb8 45. Kg6 Ka7 46. Rb4 Ka6 47. d4 Ka5 48. Rxb3 axb3 49. d5 b2 50. f7 b1=Q+ 0-1


[Site "https://www.chess.com"]

[Event "Titled Tuesday Blitz June 28 Early 2022"]
[White "Donatti, Alvaro"]
[Black "Sadykov, Ramil"]
[WhiteFideId "3000303"]
[BlackFideId "24113590"]
[WhiteElo "2138"]
[BlackElo "2226"]
[Result "0-1"]
[Round "10"]
[TimeControl "180+1"]
[Date "2022.06.28"]
[WhiteClock "0:00:01"]
[BlackClock "0:00:07"]

1. e4 c5 2. Nf3 Nc6 3. d4 cxd4 4. Nxd4 Nf6 5. Nc3 d6 6. Be3 Ng4 7. Bg5 Qb6 8. Bb5 Bd7 9. Bxc6 bxc6 10. O-O h6 11. Bh4 g5 12. Bg3 Bg7 13. Nf5 Bxf5 14. exf5 Nf6 15. Bxd6 exd6 16. Qxd6 Nd7 17. Rfe1+ Kd8 18. Rad1 Qc7 19. Qe7+ Kc8 20. Qxf7 Be5 21. Ne4 Rd8 22. Qe6 c5 23. f6 Kb7 24. f7 Nb6 25. Rxd8 Rxd8 26. g3 Rf8 27. Qe8 Nd7 0-1


[Site "https://www.chess.com"]

[Event "Titled Tuesday Blitz June 28 Early 2022"]
[White "Dubov, Daniil"]
[Black "Xiong, Jeffery"]
[WhiteFideId "24126055"]
[BlackFideId "2047640"]
[WhiteElo "2791"]
[BlackElo "2714"]
[Result "0-1"]
[Round "10"]
[TimeControl "180+1"]
[Date "2022.06.28"]
[WhiteClock "0:00:21"]
[BlackClock "0:00:27"]

1. e4 e5 2. Nf3 Nf6 3. Nc3 Nc6 4. d4 exd4 5. Nxd4 Bb4 6. Nxc6 bxc6 7. Bd3 d5 8. exd5 O-O 9. O-O Bg4 10. Ne2 cxd5 11. Bg5 h6 12. Bh4 Re8 13. c3 Bd6 14. Qc2 Bxe2 15. Bxe2 g5 16. Bg3 Bxg3 17. hxg3 Qd6 18. Rad1 c5 19. Bf3 Rad8 20. Qa4 Qb6 21. g4 d4 22. cxd4 cxd4 23. Rd2 h5 24. Qd1 hxg4 25. Bxg4 Kg7 26. Bf3 Qc5 27. Rd3 Rh8 28. g3 Qf5 29. Bg2 Rh6 30. Rxd4 Rdh8 31. Qf3 Qh7 32. Rfd1 g4 33. Qf4 Rh1+ 34. Bxh1 Qxh1# 0-1


[Site "https://www.chess.com"]

[Event "Titled Tuesday Blitz June 28 Early 2022"]
[White "Dushyant Sharma"]
[Black "Maiorov, Nikita"]
[WhiteFideId "25065130"]
[BlackFideId "13501720"]
[WhiteElo "2105"]
[BlackElo "2417"]
[Result "0-1"]
[Round "10"]
[TimeControl "180+1"]
[Date "2022.06.28"]
[WhiteClock "0:01:24"]
[BlackClock "0:01:21"]

1. e4 c6 2. d4 d5 3. exd5 cxd5 4. Bd3 Nc6 5. c3 Nf6 6. Nf3 Bg4 7. Be3 e6 8. Nbd2 Bd6 9. O-O O-O 10. Qc2 Qc7 11. Rae1 h6 12. h3 Bxf3 13. Nxf3 a6 14. Re2 b5 15. Rfe1 Rfc8 16. Qb1 Bf4 17. Qc1 Bxe3 18. Qxe3 b4 19. Ne5 bxc3 20. bxc3 Nxe5 21. dxe5 Nd7 22. Rc1 Qc5 23. Qg3 Qa3 24. Rcc2 Qa4 25. Kh2 Nc5 26. Rcd2 Nxd3 27. Rxd3 Rc4 28. Rf3 Rac8 29. Rb2 Qd7 30. Rb6 R4c6 31. Rb4 Qc7 32. Rg4 g6 33. h4 Rc4 34. h5 Rxg4 35. Qxg4 Qxe5+ 36. Rg3 Rc4 37. Qd1 Rh4+ 38. Kg1 Qxh5 0-1


[Site "https://www.chess.com"]

[Event "Titled Tuesday Blitz June 28 Early 2022"]
[White "Elgersma, Onno"]
[Black "Pourkashiyan, Atousa"]
[WhiteFideId "1053531"]
[BlackFideId "12502014"]
[WhiteElo "2304"]
[BlackElo "2247"]
[Result "1/2-1/2"]
[Round "10"]
[TimeControl "180+1"]
[Date "2022.06.28"]
[WhiteClock "0:00:19"]
[BlackClock "0:00:08"]

1. e4 Nf6 2. e5 Nd5 3. d4 d6 4. c4 Nb6 5. exd6 exd6 6. Nc3 Be7 7. Bd3 O-O 8. Nge2 Nc6 9. O-O Bg4 10. f3 Bh5 11. b3 Bg6 12. Be3 d5 13. c5 Nd7 14. Nxd5 Nf6 15. Nxf6+ Bxf6 16. Bxg6 hxg6 17. Qd3 Re8 18. Rad1 Nb4 19. Qd2 Nxa2 20. Bf2 Rxe2 21. Qxe2 Nc3 22. Qc4 Nxd1 23. Rxd1 c6 24. d5 cxd5 25. Qxd5 Qxd5 26. Rxd5 Re8 27. Rd7 Re7 28. Rxe7 Bxe7 29. Kf1 Kf8 30. Ke2 Ke8 31. Kd3 Kd7 32. Kc4 Kc6 33. b4 a6 34. g4 Bf6 35. h3 Be5 36. Be1 Bf6 37. Bd2 Be5 38. Bg5 Ba1 39. Be7 Be5 40. Bg5 Bb2 41. Bd2 Be5 42. f4 Bb2 43. f5 gxf5 44. gxf5 Bf6 45. Be1 Be5 46. h4 g6 47. fxg6 fxg6 48. Bf2 Bf4 49. Bd4 Bd2 50. Bf6 Kd7 51. b5 a5 52. Kd5 a4 53. c6+ bxc6+ 54. bxc6+ Kc8 55. Bb2 Bb4 56. Ke6 Be1 57. Bf6 a3 58. Kf7 a2 59. Kxg6 Bxh4 60. Be5 Bg3 61. Ba1 Kc7 62. Kf5 Kxc6 63. Ke4 Kc5 64. Kd3 Kb4 65. Kc2 Ka3 66. Bb2+ Ka4 67. Ba1 Ka3 68. Bb2+ Kb4 69. Ba1 Ka3 1/2-1/2


[Site "https://www.chess.com"]

[Event "Titled Tuesday Blitz June 28 Early 2022"]
[White "Fecker, Noah"]
[Black "Yuan, Qingyu"]
[WhiteFideId "1334263"]
[BlackFideId "8609772"]
[WhiteElo "2312"]
[BlackElo "2359"]
[Result "0-1"]
[Round "10"]
[TimeControl "180+1"]
[Date "2022.06.28"]
[WhiteClock "0:00:12"]
[BlackClock "0:00:16"]

1. Nf3 d5 2. g3 c5 3. Bg2 Nc6 4. d4 Nf6 5. O-O e6 6. c4 dxc4 7. Qa4 Bd7 8. dxc5 Na5 9. Qc2 Bxc5 10. Na3 O-O 11. Nxc4 Rc8 12. e3 Nxc4 13. Qxc4 Bxe3 14. Qb3 Bb6 15. Ne5 Nd5 16. Rd1 Bc6 17. Nxc6 bxc6 18. Be3 Bxe3 19. fxe3 Rb8 20. Qa3 Qb6 21. Bxd5 cxd5 22. Rd2 Rfc8 23. Rf1 Rb7 24. Rdf2 h6 25. Kg2 Rc4 26. Qd3 Qc6 27. b3 Rc3 28. Qd4 Qc5 29. Qa4 Qxe3 30. Qe8+ Kh7 31. Rxf7 Qe4+ 32. Kg1 Rc2 33. R7f2 Rbc7 34. Qh5 d4 35. h4 d3 36. Qd1 Qe3 37. h5 Rxf2 38. Rxf2 Rc1 0-1


[Site "https://www.chess.com"]

[Event "Titled Tuesday Blitz June 28 Early 2022"]
[White "Flynn, Jacob"]
[Black "Magallanes, Rey Jomar"]
[WhiteFideId "2509393"]
[BlackFideId "5205948"]
[WhiteElo "1896"]
[BlackElo "2187"]
[Result "1-0"]
[Round "10"]
[TimeControl "180+1"]
[Date "2022.06.28"]
[WhiteClock "0:00:49"]
[BlackClock "0:00:18"]

1. d4 d5 2. c4 e6 3. g3 Nf6 4. Bg2 Be7 5. Nf3 O-O 6. O-O Nc6 7. cxd5 exd5 8. Nc3 Be6 9. Bf4 Bb4 10. Rc1 Bxc3 11. Rxc3 Ne4 12. Rc1 Qf6 13. Bxc7 Rac8 14. Be5 Nxe5 15. Nxe5 Qe7 16. Nd3 Nf6 17. Nf4 Rfd8 18. Qb3 Rc6 19. Rxc6 bxc6 20. Rc1 Rc8 21. Nd3 Ne4 22. Nc5 Nxc5 23. Rxc5 Qc7 24. Qc3 Qb6 25. e3 a6 26. Bf1 Rc7 27. b3 Kf8 28. h4 Ke7 29. Bd3 Kd6 30. Ra5 g6 31. Rxa6 Qb7 32. Qc5+ Kd7 33. Rb6 Qa7 34. a4 Kd8 35. a5 Rb7 36. Qd6+ Kc8 37. Rxc6+ Rc7 38. Ba6+ Kb8 39. Rb6+ Ka8 40. Qd8+ Bc8 41. Bxc8 Qxa5 42. Qxc7 Qe1+ 43. Kg2 Qxf2+ 44. Kxf2 f5 45. Rb8# 1-0


[Site "https://www.chess.com"]

[Event "Titled Tuesday Blitz June 28 Early 2022"]
[White "Garcia Cuenca, Victor"]
[Black "Malyi, Viacheslav"]
[WhiteFideId "2250829"]
[BlackFideId "14123983"]
[WhiteElo "2317"]
[BlackElo "2270"]
[Result "1-0"]
[Round "10"]
[TimeControl "180+1"]
[Date "2022.06.28"]
[WhiteClock "0:02:12"]
[BlackClock "0:02:16"]

1. d3 Nf6 2. Nf3 Nc6 3. g3 e5 4. Bg2 Bc5 5. O-O d6 6. c4 a5 7. Nc3 h5 8. Bg5 Be6 9. e3 Ba7 10. Nd5 Bxd5 11. cxd5 Ne7 12. d4 Nh7 13. dxe5 Nxg5 14. Nxg5 dxe5 15. Qb3 O-O 16. Qxb7 Nf5 17. h4 Nd6 18. Qb3 Rb8 19. Qc2 Bb6 20. Qh7# 1-0


[Site "https://www.chess.com"]

[Event "Titled Tuesday Blitz June 28 Early 2022"]
[White "Garv Gaur"]
[Black "Begunov, Konstantin"]
[WhiteFideId "45030839"]
[BlackFideId "4118510"]
[WhiteElo "1950"]
[BlackElo "2262"]
[Result "1-0"]
[Round "10"]
[TimeControl "180+1"]
[Date "2022.06.28"]
[WhiteClock "0:02:07"]
[BlackClock "0:00:17"]

1. d4 d5 2. Nf3 c6 3. c4 Nf6 4. g3 Bg4 5. Bg2 Nbd7 6. O-O e6 7. Nc3 Bd6 8. Nd2 O-O 9. f3 Bh5 10. Qe1 c5 11. dxc5 Bxc5+ 12. Kh1 d4 13. Nce4 Be7 14. b3 Bg6 15. Nxf6+ Bxf6 16. Bb2 Nc5 17. Rd1 Bc2 18. Rc1 d3 19. Bxf6 Qxf6 20. Ne4 Nxe4 21. fxe4 Qd4 22. exd3 Bxd3 23. Rd1 Rad8 24. Rf3 Qxe4 25. Re3 Qg6 26. Qd2 1-0


[Site "https://www.chess.com"]

[Event "Titled Tuesday Blitz June 28 Early 2022"]
[White "Gatterer, Florian"]
[Black "Golubovskis, Maksims"]
[WhiteFideId "811688"]
[BlackFideId "11608528"]
[WhiteElo "2218"]
[BlackElo "2102"]
[Result "0-1"]
[Round "10"]
[TimeControl "180+1"]
[Date "2022.06.28"]
[WhiteClock "0:00:02"]
[BlackClock "0:00:05"]

1. d4 g6 2. e4 Bg7 3. Nc3 a6 4. Be3 b5 5. Nf3 Bb7 6. Bd3 d6 7. h4 h5 8. e5 Nd7 9. e6 Nf8 10. exf7+ Kxf7 11. Be4 Bxe4 12. Nxe4 Qd7 13. Neg5+ Ke8 14. Qe2 Nf6 15. O-O-O Qf5 16. Kb1 Kd7 17. Ka1 Ne6 18. c4 Rhb8 19. c5 Nd5 20. Rc1 c6 21. Nxe6 Qxe6 22. Ng5 Qf5 23. cxd6 exd6 24. Qd2 a5 25. f3 a4 26. g4 hxg4 27. fxg4 Qxg4 28. Qc2 Rc8 29. Qxg6 Bh8 30. Rhf1 Ne7 31. Rf7 Re8 32. Rg1 Kd8 33. Qxd6+ Qd7 34. Ne6+ Kc8 35. Qxd7+ Kxd7 36. Nc5+ Kd6 37. Bf4+ Kd5 38. Nd3 Bxd4 39. Rd1 c5 40. Ne5 Rad8 41. Ng4 a3 42. Kb1 Kc6 43. h5 axb2 44. h6 Nd5 45. Bg5 Nc3+ 46. Kc2 Nxd1 47. Ne5+ Rxe5 48. h7 Re2+ 49. Kd3 b1=Q+ 50. Kxe2 Qe4+ 51. Kxd1 Be3+ 52. Ke2 Bxg5+ 53. Kf1 Rd1+ 54. Kf2 Bh4# 0-1


[Site "https://www.chess.com"]

[Event "Titled Tuesday Blitz June 28 Early 2022"]
[White "Ghazarian, Kirk"]
[Black "Odegov, Artem"]
[WhiteFideId "30908604"]
[BlackFideId "34183644"]
[WhiteElo "2003"]
[BlackElo "2286"]
[Result "1/2-1/2"]
[Round "10"]
[TimeControl "180+1"]
[Date "2022.06.28"]
[WhiteClock "0:00:20"]
[BlackClock "0:00:07"]

1. e4 e6 2. d4 d5 3. Bd3 dxe4 4. Bxe4 Nf6 5. Bf3 c5 6. Ne2 Nc6 7. Be3 cxd4 8. Nxd4 Ne5 9. O-O Be7 10. Nc3 O-O 11. Qe2 a6 12. Rad1 Qc7 13. Rfe1 Nxf3+ 14. Qxf3 Bd7 15. Bf4 Qb6 16. Nb3 Bc6 17. Qe2 Rad8 18. Be3 Qc7 19. Nd4 Bd5 20. Nxd5 Nxd5 21. c3 Nxe3 22. Qxe3 Bc5 23. Qe4 Bxd4 24. Rxd4 Rxd4 25. Qxd4 Rd8 26. Qe3 Qd7 27. Qb6 h6 28. h3 Qd6 29. Qb3 b5 30. a4 Qd2 31. Rf1 bxa4 32. Qxa4 Qxb2 33. c4 Qb6 34. Rc1 Qb2 35. Rf1 Qb6 36. Ra1 Rc8 37. g3 a5 38. Qb5 Qd4 39. Rc1 Qc5 40. Qxc5 Rxc5 41. Kf1 Kf8 42. Ke2 Ke7 43. Kd3 Kd6 44. Rb1 Kc6 45. Rb8 Rf5 46. f4 g5 47. Ke4 gxf4 48. gxf4 Rh5 49. Rf8 Rxh3 50. Rxf7 Rc3 51. Kd4 Rc1 52. Rf6 Kd6 53. f5 Re1 54. Rxh6 Rd1+ 55. Kc3 Re1 56. Kd2 Re5 57. f6 Rf5 58. Kd3 Ke5 59. c5 Rxf6 60. Rh5+ Rf5 61. Rh6 Kd5 62. c6 Rf7 63. Kc3 Kxc6 64. Rxe6+ Kb5 65. Rh6 Kc5 66. Rh5+ Kb6 67. Kc4 Rc7+ 68. Kb3 Rc5 69. Rh6+ Kb5 70. Rh8 a4+ 71. Ka2 Rc2+ 72. Ka3 Rc3+ 73. Kb2 Rg3 74. Rb8+ Kc4 75. Rc8+ Kd5 76. Rb8 Rg6 77. Rb4 Rg3 78. Rxa4 Kc5 79. Rh4 Kd5 80. Kc2 Rg2+ 81. Kd3 Rg3+ 82. Ke2 Ra3 83. Kf2 Ke5 84. Rh5+ Kf4 85. Rh8 Ra2+ 86. Ke1 Kf3 87. Kd1 Ke3 88. Kc1 Rg2 89. Re8+ Kd3 90. Rd8+ Kc3 91. Rc8+ Kb3 92. Kd1 Ra2 93. Rb8+ Kc3 94. Rc8+ Kd3 95. Rd8+ Ke3 96. Kc1 Rh2 97. Kb1 Rh4 98. Kc2 Rc4+ 99. Kb3 Rc7 100. Kb4 Ke4 101. Kb5 Ke5 102. Kb6 Rc1 103. Rd2 Rc3 104. Rb2 Rc1 105. Kb5 Kd4 106. Rd2+ Ke3 107. Rd8 Rc7 108. Kb6 Rc2 109. Re8+ Kd4 110. Rd8+ Ke5 111. Re8+ Kd6 112. Rd8+ Ke7 113. Rd4 Ke6 114. Rb4 Kd6 115. Rb5 Rc7 116. Ka5 Rc1 117. Rb3 Kc5 118. Rb5+ Kc6 119. Rb6+ Kc7 120. Rb3 Kc6 121. Kb4 Rd1 122. Rb2 Kd5 123. Kb3 Rd3+ 124. Kc2 Rh3 125. Rb5+ Kc4 126. Rb8 Rh2+ 127. Kd1 Kc3 128. Ke1 1/2-1/2


[Site "https://www.chess.com"]

[Event "Titled Tuesday Blitz June 28 Early 2022"]
[White "Gracia Alvarez, Gerardo Antonio"]
[Black "Torres Cueto, Jesus Marcial"]
[WhiteFideId "5109124"]
[BlackFideId "4415280"]
[WhiteElo "2139"]
[BlackElo "2055"]
[Result "1-0"]
[Round "10"]
[TimeControl "180+1"]
[Date "2022.06.28"]
[WhiteClock "0:00:53"]
[BlackClock "0:01:03"]

1. e4 e6 2. d4 d5 3. e5 c5 4. c3 Nc6 5. Nf3 Qb6 6. Bd3 Bd7 7. O-O cxd4 8. Re1 dxc3 9. Nxc3 a6 10. Be3 Qd8 11. Rc1 Nge7 12. Na4 Nc8 13. h4 Be7 14. h5 h6 15. Bb1 b5 16. Nc5 Bxc5 17. Bxc5 N6e7 18. Nd4 Nb6 19. Qg4 Kf8 20. b3 Kg8 21. Rc3 Nf5 22. Rf3 Nxd4 23. Bxd4 Nc8 24. Rg3 Qg5 25. Qf3 Qh4 26. Rg4 Qd8 27. Qg3 Qf8 28. b4 Ne7 29. Bc5 f5 30. exf6 Qxf6 31. Bd4 Nf5 32. Bxf5 1-0


[Site "https://www.chess.com"]

[Event "Titled Tuesday Blitz June 28 Early 2022"]
[White "Gurevich, Dmitry"]
[Black "Ozdemir, Serhan Berat"]
[WhiteFideId "2000407"]
[BlackFideId "6374611"]
[WhiteElo "2506"]
[BlackElo "1920"]
[Result "0-1"]
[Round "10"]
[TimeControl "180+1"]
[Date "2022.06.28"]
[WhiteClock "0:00:01"]
[BlackClock "0:00:05"]

1. d4 Nf6 2. c4 g6 3. Nc3 Bg7 4. e4 O-O 5. Nf3 d6 6. Be2 Bg4 7. Be3 Na6 8. Rc1 c5 9. O-O Nd7 10. d5 Nc7 11. Nd2 Bxe2 12. Qxe2 e6 13. Rfd1 exd5 14. cxd5 a6 15. a4 Re8 16. Nc4 Qe7 17. Bf4 Ne5 18. Nb6 Rad8 19. a5 Nd7 20. Nc4 Ne5 21. Bxe5 Bxe5 22. Nxe5 Qxe5 23. Qd3 Re7 24. g3 f5 25. exf5 Qxf5 26. Qxf5 gxf5 27. Rd2 Rde8 28. Kf1 Re5 29. Rcd1 Nb5 30. Nxb5 axb5 31. b4 cxb4 32. Rb1 Re4 33. Rdb2 R8e5 34. Rxb4 Rxb4 35. Rxb4 Rxd5 36. Ke2 Kf7 37. Ke3 Ke6 38. Rh4 Re5+ 39. Kd3 Rd5+ 40. Kc3 Rc5+ 41. Kb3 b4 42. Kxb4 Rc7 43. Kb5 d5 44. Kb6 Rd7 45. Rb4 d4 46. Rb1 d3 47. Kc5 f4 48. Re1+ Kf5 49. f3 d2 50. Rd1 h5 51. Kc4 fxg3 52. hxg3 h4 53. gxh4 Kf4 54. Kc3 Ke3 55. h5 Ke2 0-1


[Site "https://www.chess.com"]